Map: 光影交错-天梯版

Players

Cyan - Winner!

  • Race: Protoss Protoss

iGMacSed (MacSed)

  • Race: Protoss Protoss

Event: DreamHack SC2 Masters 2021 Summer

VOD

Have the link to the VOD?

Description

Time

  • Played on: May 27, 2021, 7:22 a.m.
  • Length: 10:31

All games in this series

Show
View Real Time Build Order
Export as new Build Order

Cyan Protoss - Winner!

Build Orders: Phoenix Opening, Archon Immortal 

Get SALT Encoding   

  12  0:00  Probe  
  13  0:12  Probe  
  14  0:18  Pylon  
  14  0:24  Probe (Chrono Boost)  
  15  0:36  Probe (Chrono Boost)  
  15  0:37  Gateway  
  16  0:44  Probe (Chrono Boost)  
  16  0:46  Assimilator  
  17  0:51  Probe  
  18  0:57  Assimilator  
  18  1:03  Probe (Chrono Boost)  
  19  1:08  Gateway  
  19  1:13  Probe (Chrono Boost)  
  19  1:18  Probe (Chrono Boost)  
  20  1:24  Cybernetics Core  
  21  1:29  Probe  
  22  1:34  Pylon  
  22  1:41  Probe  
  23  1:53  Probe  
  24  2:01  Warp Gate, Adept  
  26  2:02  Adept  
  26  2:05  Probe  
  29  2:08  Pylon  
  29  2:17  Probe  
  30  2:24  Pylon  
  30  2:26  Stargate  
  30  2:34  Stalker  
  32  2:44  Stalker  
  33  3:12  Phoenix (Chrono Boost)  
  35  3:13  Nexus  
  35  3:23  Pylon  
  35  3:26  Probe  
  36  3:34  Phoenix (Chrono Boost)  
  36  3:38  Probe  
  39  3:50  Probe  
  39  3:51  Phoenix  
  42  4:02  Probe  
  43  4:09  Robotics Facility  
  43  4:13  Stalker  
  43  4:14  Probe (Chrono Boost)  
  46  4:24  Phoenix  
  46  4:26  Probe x2 (Chrono Boost)  
  50  4:35  Probe x2 (Chrono Boost)  
  50  4:36  Shield Battery  
  52  4:40  Probe x2 (Chrono Boost)  
  52  4:43  Forge  
  54  4:52  Probe, Phoenix (Chrono Boost)  
  55  4:53  Probe  
  55  4:58  Observer  
  59  5:04  Probe  
  59  5:05  Probe  
  59  5:06  Assimilator  
  61  5:08  Assimilator  
  61  5:16  Probe, Pylon  
  62  5:24  Probe  
  60  5:28  Probe  
  60  5:30  Pylon  
  60  5:31  Protoss Ground Weapons Level 1 (Chrono Boost), Immortal (Chrono Boost)  
  60  5:34  Zealot x2  
  68  5:37  Probe  
  68  5:40  Probe  
  70  5:49  Twilight Council  
  70  5:52  Gateway  
  70  6:02  Immortal (Chrono Boost)  
  70  6:10  Nexus  
  74  6:12  Sentry  
  74  6:14  Sentry  
  74  6:16  Pylon  
  78  6:26  Charge  
  78  6:28  Pylon  
  78  6:33  Immortal (Chrono Boost)  
  78  6:34  Probe x2  
  82  6:43  Shield Battery  
  82  6:46  Probe x2  
  84  6:54  Gateway x2  
  84  6:58  Probe x2  
  86  7:08  Zealot  
  86  7:10  Templar Archives, Probe x2  
  86  7:11  Gateway  
  90  7:17  Protoss Ground Weapons Level 2 (Chrono Boost)  
  84  7:26  Immortal (Chrono Boost)  
  88  7:31  Probe x3  
  91  7:39  Pylon  
  91  7:43  Probe  
  92  7:44  Gateway  
  92  7:45  Probe, Gateway  
  92  7:49  Shield Battery  
  92  7:50  High Templar  
  95  7:51  High Templar, Pylon  
  95  7:54  Probe  
  95  7:57  Archon, Assimilator  
  98  7:58  Assimilator  
  98  8:01  Pylon  
  97  8:06  Probe  
  98  8:13  Probe x2  
  98  8:15  Pylon  
  98  8:16  Photon Cannon  
  98  8:18  Probe  
  98  8:19  High Templar x2  
  105  8:25  Archon  
  105  8:26  Warp Prism  
  105  8:31  Photon Cannon, Pylon  
  105  8:33  Gateway  
  107  8:36  Gateway  
  107  8:41  High Templar  
  107  8:42  High Templar  
  107  8:45  Archon  
  107  8:47  Zealot x2  
  115  8:50  Pylon  
  115  8:52  Zealot x2  
  119  8:56  High Templar x2  
  123  9:03  Archon  
  123  9:09  Zealot x2  
  125  9:14  Observer  
  126  9:22  High Templar x2, Zealot x2  
  134  9:26  Archon  
  134  9:29  Zealot x3  
  134  9:30  Zealot  
  142  9:31  Zealot x2  
  140  9:54  Zealot x8  
  140  9:57  Zealot x2  
  120  10:13  Zealot  
  116  10:14  Zealot x3  
  116  10:15  Zealot x5  
  126  10:24  Zealot  
Show
View Real Time Build Order
Export as new Build Order

iGMacSed Protoss 

Build Orders: Zealot Archon 

Get SALT Encoding   

  12  0:00  Probe  
  13  0:12  Probe  
  14  0:16  Pylon  
  14  0:24  Probe (Chrono Boost)  
  16  0:36  Probe (Chrono Boost)  
  16  0:37  Gateway  
  16  0:43  Probe (Chrono Boost)  
  16  0:45  Assimilator  
  17  0:50  Probe  
  17  0:54  Assimilator  
  18  1:03  Probe (Chrono Boost)  
  19  1:08  Gateway  
  19  1:15  Probe (Chrono Boost)  
  20  1:20  Probe (Chrono Boost)  
  20  1:24  Cybernetics Core  
  21  1:29  Probe  
  22  1:35  Pylon  
  22  1:41  Probe  
  23  1:53  Probe  
  24  1:57  Warp Gate (Chrono Boost)  
  26  2:02  Sentry  
  26  2:05  Probe  
  27  2:08  Stalker  
  27  2:14  Pylon  
  29  2:24  Pylon  
  31  2:38  Stalker  
  31  2:45  Stalker  
  33  2:54  Nexus  
  33  3:03  Shield Battery  
  33  3:04  Probe  
  34  3:13  Pylon  
  34  3:17  Probe  
  35  3:29  Probe  
  36  3:38  Shield Battery  
  36  3:39  Adept  
  36  3:41  Probe, Adept  
  41  3:47  Twilight Council  
  41  3:53  Probe  
  42  4:00  Forge  
  42  4:05  Probe  
  42  4:07  Probe  
  44  4:14  Stalker  
  46  4:17  Stalker  
  46  4:20  Probe  
  46  4:21  Blink (Chrono Boost)  
  46  4:22  Probe  
  50  4:32  Probe  
  50  4:34  Probe, Protoss Ground Weapons Level 1 (Chrono Boost)  
  52  4:44  Probe  
  52  4:45  Pylon  
  53  4:50  Gateway  
  53  4:52  Probe  
  54  5:00  Assimilator  
  54  5:03  Probe  
  54  5:04  Probe  
  55  5:13  Stalker x2  
  59  5:15  Probe  
  59  5:16  Probe  
  59  5:27  Probe  
  56  5:28  Probe  
  56  5:37  Stalker x2  
  56  5:39  Probe  
  56  5:40  Probe  
  62  5:46  Pylon  
  62  5:51  Pylon  
  62  6:00  Probe x2  
  62  6:02  Pylon, Nexus  
  60  6:13  Probe x2  
  60  6:15  Charge, Stalker  
  60  6:16  Stalker  
  60  6:17  Stalker  
  68  6:25  Probe x2  
  70  6:30  Protoss Ground Weapons Level 2 (Chrono Boost)  
  69  6:37  Probe  
  69  6:38  Probe  
  70  6:41  Templar Archives  
  70  6:54  Stalker x3  
  76  7:07  Gateway  
  76  7:09  Gateway  
  76  7:11  Gateway  
  72  7:29  Probe  
  66  7:30  Probe  
  66  7:32  Probe, Gateway  
  66  7:34  Gateway  
  66  7:35  High Templar x2  
  71  7:37  Pylon  
  71  7:40  Robotics Facility  
  71  7:41  Archon  
  71  7:42  Probe  
  71  7:43  Probe  
  73  7:45  Shield Battery  
  73  7:50  Zealot  
  75  7:52  Probe  
  75  7:55  Probe  
  77  7:59  Probe  
  76  8:05  Probe  
  76  8:07  Stalker  
  76  8:08  Stalker x2  
  83  8:17  Probe, Zealot x2  
  83  8:18  Zealot  
  90  8:20  Photon Cannon  
  90  8:25  Pylon  
  90  8:30  Gateway  
  90  8:32  Gateway  
  90  8:35  High Templar x2  
  90  8:36  Zealot  
  90  8:39  Archon  
  96  8:42  Observer  
  96  8:47  Probe  
  96  8:48  Photon Cannon  
  95  9:04  Probe x2  
  95  9:07  Immortal  
  95  9:09  Nexus  
  101  9:12  Pylon  
  101  9:25  Zealot x6  
  111  9:32  Zealot x3  
  117  9:43  Zealot  
  119  9:45  Pylon  
  119  9:47  Pylon  
  111  9:55  Zealot x6  
  97  10:00  Zealot  
  97  10:03  Zealot x2  
  82  10:10  Stalker  
  62  10:17  Zealot x4  
Tags
 
Add a new tag
Caveats
  • Supply blocks, unpowered buildings, or Contaminate may cause inaccurate times.
  • Supply counts are checked every 10 seconds.